 Dungeon Crawl Stone Soup version 0.28.0-1-gb440e238dd (webtiles) character file.

Game seed: 1173773131922240900

165209 jujucrawl the Grappler (level 17, -17/152 HPs)
             Began as a Troll Monk on Feb 21, 2022.
             Was the Champion of Hepliaklqana.
             Demolished by Donald (33 damage)
             ... on level 2 of the Swamp.
             The game lasted 01:51:12 (26740 turns).

jujucrawl the Grappler (Troll Monk)                Turns: 26740, Time: 01:51:13

Health: -17/152    AC: 12    Str: 35    XL:     17   Next: 27%
Magic:  20/20      EV: 12    Int:  8    God:    Hepliaklqana [******]
Gold:   630        SH: 13    Dex: 14    Spells: 16/16 levels left

rFire   x . .      SeeInvis +     - Unarmed
rCold   + + .      Faith    .   d - +2 kite shield {rPois}
rNeg    . . .      Spirit   .   K - +4 ice dragon scales of Noughts and Crosses {rF- rC++ Str+4}
rPois   +          Reflect  .   u - +2 hat {SInv}
rElec   .          Harm     .   L - scarf {shadows}
rCorr   .          Rampage  .   (gloves unavailable)
Will    +....                   (boots unavailable)
Stlth   ..........              S - amulet of the acrobat
HPRegen 1.15/turn               B - +4 ring of slaying
MPRegen 0.17/turn               r - +6 ring of strength

@: mighty, corroded, hasted, quick
A: reduced essence, large, unfitting armour, claws 3, regeneration 1, shaggy fur
1, tough skin 1
a: Renounce Religion, Recall Ancestor, Ancestor Identity, Transference, Idealise


You were on level 2 of the Swamp.
You worshipped Hepliaklqana.
Hepliaklqana was exalted by your worship.
You visited 6 branches of the dungeon, and saw 27 of its levels.
You visited the Abyss 1 time.
You also visited: Bailey and Ice Cave.

You collected 3117 gold pieces.
You spent 2487 gold pieces at shops.

Inventory:

Hand Weapons
 a - the +12 hand crossbow of the Pit {elec, rF+ Str-5 Int+3 Dex+5}
   (You found it on level 6 of the Lair of Beasts)

   Any ammunition fired from it occasionally discharges a powerful burst of
   electricity upon striking a foe.
   Str:       It affects your strength (-5).
   Int:       It affects your intelligence (+3).
   Dex:       It affects your dexterity (+5).
   rF:        It protects you from fire.
 R - the +5 hand axe of Asaapigg {vamp, rF++}
   (You found it on level 1 of the Swamp)

   It occasionally heals its wielder for a portion of the damage dealt when it
   wounds a living foe.
   rF:        It greatly protects you from fire.
Missiles
 f - 24 poisoned darts
 i - 11 boomerangs
 w - 58 bolts
 J - 3 atropa-tipped darts
 M - 6 curare-tipped darts
 O - 14 large rocks (quivered)
 U - 9 javelins
 X - a boomerang of dispersal
Armour
 d - a +2 kite shield of poison resistance (worn)
 u - a +2 hat of see invisible (worn)
 K - the +4 ice dragon scales of Noughts and Crosses (worn) {rF- rC++ Str+4}
   (You took it off an orc warrior in a bailey)

   Str:       It affects your strength (+4).
   rF:        It makes you vulnerable to fire.
   rC:        It greatly protects you from cold.
 L - a scarf of shadows (worn)
 N - a scarf of invisibility
Jewellery
 r - a +6 ring of strength (right claw)
 B - a +4 ring of slaying (left claw)
 E - the ring of Lytil {Fire *Slow Str+2 Stlth+}
   (You found it on level 8 of the Dungeon)

   [ring of fire]

   It enhances your fire magic.
   Str:       It affects your strength (+2).
   rF:        It protects you from fire.
   rC:        It makes you vulnerable to cold.
   *Slow:     It may slow you when you take damage.
   Stlth:     It makes you more stealthy.
 S - an amulet of the acrobat (around neck)
Wands
 n - a wand of iceblast (4)
 s - a wand of flame (46)
 F - a wand of digging (7)
 Z - a wand of acid (3)
Scrolls
 e - 9 scrolls of amnesia
 j - 7 scrolls of teleportation
 p - 6 scrolls of enchant weapon
 t - 2 scrolls of silence
 v - 2 scrolls of fog
 y - 5 scrolls of holy word
 A - 6 scrolls of noise
 H - a scroll of magic mapping
 T - 3 scrolls of brand weapon
Potions
 b - 7 potions of curing
 c - 3 potions of mutation
 h - 3 potions of attraction
 k - 2 potions of magic
 m - 8 potions of lignification
 o - 2 potions of invisibility
 x - 4 potions of berserk rage
 C - a potion of brilliance
 D - 5 potions of flight
 G - 4 potions of ambrosia
 I - 2 potions of haste
Miscellaneous
 P - a lightning rod (4/4)
 Q - a condenser vane


   Skills:
 + Level 10.9 Fighting
 + Level 4.4 Crossbows
 + Level 11.5 Throwing
 + Level 9.2 Armour
 - Level 10.8 Dodging
 - Level 1.0 Stealth
 - Level 11.2 Shields
 * Level 14.8 Unarmed Combat
 - Level 6.2 Invocations
 - Level 2.1 Evocations


You had 16 spell levels left.
You didn't know any spells.
Your spell library contained the following spells:

 Spells                   Type           Power      Damage    Failure   Level
 Apportation              Tloc           0%         N/A       83%         1
 Freeze                   Ice            0%         1d3       83%         1
 Magic Dart               Conj           0%         1d3       83%         1
 Sting                    Tmut/Pois      0%         1d3       83%         1
 Blink                    Tloc           0%         N/A       92%         2
 Ensorcelled Hibernation  Hex/Ice        0%         N/A       92%         2
 Passwall                 Tmut/Erth      0%         N/A       92%         2
 Poisonous Vapours        Pois/Air       0%         N/A       92%         2
 Scorch                   Fire           0%         2d5       92%         2
 Searing Ray              Conj           0%         2d4       92%         2
 Frozen Ramparts          Ice            0%         1d2       99%         3
 Ignite Poison            Fire/Tmut/Pois 0%         N/A       99%         3
 Inner Flame              Hex/Fire       0%         N/A       99%         3
 Mephitic Cloud           Conj/Pois/Air  0%         N/A       99%         3
 Swiftness                Air            0%         N/A       99%         3
 Airstrike                Air            0%         N/A       100%        4
 Cause Fear               Hex            0%         N/A       100%        4
 Flame Wave               Conj/Fire      0%         2d4       100%        4
 Fulminant Prism          Conj/Hex       0%         3d6       100%        4
 Hailstorm                Conj/Ice       0%         3d3       100%        4
 Olgreb's Toxic Radiance  Pois           0%         N/A       100%        4
 Petrify                  Tmut/Erth      0%         N/A       100%        4
 Summon Lightning Spire   Summ/Air       0%         N/A       100%        4
 Alistair's Intoxication  Tmut/Pois      0%         N/A       100%        5
 Fireball                 Conj/Fire      0%         3d3       100%        5
 Freezing Cloud           Conj/Ice/Air   0%         6-21      100%        5
 Iskenderun's Battlesphe  Conj           0%         2d6       100%        5
 Lightning Bolt           Conj/Air       0%         1d11      100%        5
 Manifold Assault         Tloc           0%         N/A       100%        5
 Metabolic Englaciation   Hex/Ice        0%         N/A       100%        5
 Summon Forest            Summ/Tloc      0%         N/A       100%        5
 Conjure Ball Lightning   Conj/Air       0%         3x3d6     100%        6
 Eringya's Noxious Bog    Tmut/Pois      0%         N/A       100%        6
 Statue Form              Tmut/Erth      0%         N/A       100%        6
 Summon Cactus Giant      Summ           0%         N/A       100%        6
 Orb of Destruction       Conj           0%         9d5       100%        7
 Storm Form               Tmut/Air       0%         N/A       100%        7
 Summon Hydra             Summ           0%         N/A       100%        7
 Discord                  Hex            0%         N/A       100%        8


Dungeon Overview and Level Annotations

Branches:
Dungeon (15/15)            Temple (1/1) D:6            Lair (6/6) D:8
  Swamp (2/4) Lair:3       Spider (1/4) Lair:3        Slime (0/5) Lair:6
    Orc (2/2) D:10            Elf (0/3) Orc:2        Vaults (0/5) D:13
 Depths (0/4) D:15         Bailey (visited)           IceCv (visited)

Altars:
Ashenzari
Cheibriados
Dithmenos
Elyvilon
Fedhas
Gozag
Hepliaklqana
Kikubaaqudgha
Makhleb
Nemelex Xobeh
Okawaru
Qazlal
Ru
Sif Muna
Trog
Uskayaw
Vehumet
Wu Jian
Xom
Yredelemnul
Zin
The Shining One
Beogh
Jiyva

Shops:
D:4 :(   D:6 :   D:8 :   D:11 [   D:15 (   Orc:2 [=![?

Portals:
Hell: Lair:6

Annotations:
Lair:5 3 runed translucent doors, Zimaveycw's ghost, journeyman OpFi
Swamp:2 Donald


Innate Abilities, Weirdness & Mutations

Your life essence is reduced to manifest your ancestor. (-10% HP)
You are too large for most types of armour.
You have claws for hands.
Your natural rate of healing is unusually fast.
You are covered in fur. (AC +1)
You have tough skin. (AC +1)


Message History

Donald is severely wounded.
You block Donald's attack.
Donald hits Wigmund with a +1 broad axe of venom!!
You block the goliath frog's attack. Donald says, "Don't you hate leeches?
I know I do."
Donald barely misses you.
Donald hits Wigmund with a +1 broad axe of venom!!
Wigmund is destroyed!
You mangle Donald!!
Donald is almost dead.
The goliath frog hits you but does no damage.
Donald hits you with a +1 broad axe of venom!
Donald blocks your attack.
Donald is almost dead.
The goliath frog hits you from afar! The acid corrodes you!
You are splashed with acid!
Donald hits you with a +1 broad axe of venom!!!
* * * LOW HITPOINT WARNING * * *
You hear a deafening roar!
Okay, then.
As you read the scroll of fear, it crumbles to dust.
You assume a fearsome visage.
Donald resists with some effort.
The goliath frog looks frightened!
Donald sighs.
You block Donald's attack.
You feel much better. You block Donald's attack.
Donald says, "I hate mosquitoes.
Almost as much as I hate swamp water."
Donald barely misses you. Donald blocks your attack.
Donald is almost dead.
You block Donald's attack. Donald blocks your attack.
Donald is almost dead.
Donald hits you with a +1 broad axe of venom!!!
* * * LOW HITPOINT WARNING * * *
You hear a deafening roar!
Okay, then.
You feel yourself speed up. You block Donald's attack.
Donald hits you with a +1 broad axe of venom!!
You die...

♣≈≈.......
≈♣(.....≈. ♣
≈(....≈.. ≈≈≈≈
♣≈.§≈.§♣♣ (♣≈≈
♣♣..≈.≈..♣
(.≈≈♣♣≈@.≈≈..♣♣
F≈.....@$≈.≈≈.≈
..(.(♣.≈≈≈..≈.≈
≈. ♣≈....♣♣♣♣^
♣♣.♣≈♣♣♣ ♣...♣♣
♣♣♣..♣≈♣
♣♣≈§.♣♣.♣
♣♣♣♣..≈♣♣ ♣
♣♣♣<.)..♣♣


You could see Donald (fast, strong, invisible).

Vanquished Creatures
  Rupert (D:14)
  2 emperor scorpions
  A frost giant (IceCv)
  A ghost moth (Lair:3)
  A stone giant (D:15)
  The ghost of Kuerar the Basher, a journeyman BaFi of Cheibriados (Lair:4)
  A dire elephant (Lair:6)
  Azrael (D:12)
  2 bunyips
  Snorg (D:10)
  A fire dragon (D:15)
  3 shambling mangroves
  A jorogumo (Spider:1)
  6 boulder beetles
  3 centaur warriors
  A ghost crab (Swamp:1)
  A catoblepas (D:13)
  11 hydras
  The ghost of windycow the Fighter, a novice MiFi of Okawaru (D:11)
  3 ogre magi
  A death knight (D:11)
  17 two-headed ogres
  11 death yaks
  Erica (D:9)
  2 alligators (Swamp:1)
  A dancing weapon (D:13)
  The ghost of DevastatorOne the Severer, a novice MiFi of Cheibriados (D:8)
  8 tengu warriors
  Urug (D:12)
  An orc high priest (Orc:2)
  A sun demon (Lair:6)
  A pharaoh ant (Spider:1)
  A skeletal warrior (D:11)
  3 goliath frogs
  A swamp dragon (Swamp:1)
  A steelbarb worm (Spider:1)
  2 deep trolls (Orc:2)
  3 wizards
  7 bog bodies
  A lindwurm (Lair:6)
  A deep elf pyromancer (D:12)
  5 wolf spiders
  2 orc sorcerers
  3 manticores
  A moth of wrath (Spider:1)
  11 ugly things
  4 cyclopes
  An ice statue (IceCv)
  22 elephants
  5 black mambas
  20 cane toads
  A gargoyle (D:14)
  3 torpor snails
  An orange demon (Lair:6)
  10 rime drakes
  20 komodo dragons
  A yaktaur (D:11)
  A freezing wraith (D:14)
  A demonic crawler (Spider:1)
  An efreet (D:13)
  An ice devil (Lair:6)
  4 tengu conjurers
  A queen bee (D:10)
  7 meliai
  A meliai (shapeshifter) (D:15)
  4 polar bears (IceCv)
  18 trolls
  3 tarantellas
  28 blink frogs
  A raiju (D:11)
  8 hornets
  8 slime creatures
  7 dream sheep
  2 culicivoras (Spider:1)
  3 jumping spiders (Spider:1)
  A shadow (D:12)
  6 spriggans
  Sigmund (D:5)
  5 wyverns
  A fire elemental (D:12)
  42 yaks
  4 wraiths (D:12)
  9 basilisks
  A steam dragon (D:9)
  6 redbacks
  2 vampire mosquitoes (D:11)
  A warg (Orc:2)
  7 swamp worms
  5 hell hounds
  2 acid dragons
  10 water moccasins
  Duvessa (D:6)
  4 swamp drakes
  19 orc warriors
  3 black bears
  An ice beast (D:8)
  25 ogres
  5 necrophages
  30 wolves
  6 centaurs
  A phantom (D:4)
  A kobold brigand (D:8)
  14 bullfrogs
  A wyvern zombie (D:6)
  A gnoll sergeant (D:10)
  A scorpion (D:6)
  A wyvern skeleton (D:7)
  A hornet simulacrum (D:8)
  3 water moccasin skeletons
  Dowan (D:6)
  11 killer bees
  10 wights (D:7)
  3 electric eels
  2 howler monkeys
  A vampire bat (Lair:4)
  2 hexers
  3 centaur zombies
  2 bullfrog zombies
  A wyvern simulacrum (D:8)
  2 centaur skeletons
  16 orc priests
  2 hounds
  A jelly (D:7)
  8 iguanas
  20 orc wizards
  A scorpion zombie (D:5)
  4 hell rats (Lair:6)
  A howler monkey zombie (D:5)
  5 gnolls (D:10)
  5 adders
  A howler monkey simulacrum (D:8)
  2 white imps
  An ufetubus (D:7)
  An adder zombie (D:5)
  3 worms
  2 dart slugs (D:2)
  78 orcs
  9 ball pythons
  13 bats
  8 endoplasms
  A giant cockroach (D:2)
  4 goblins
  11 hobgoblins
  4 jackals (D:3)
  5 kobolds
  6 quokkas
  4 frilled lizards
  2 rats (D:1)
795 creatures vanquished.

Vanquished Creatures (collateral kills)
  Gastronok (Lair:3)
  A stone giant (Orc:2)
  Josephine (D:11)
  A hydra (D:11)
  A jorogumo (Spider:1)
  The ghost of Vruhak the Grappler, a novice TrHu of Zin (D:10)
  A radroach (Spider:1)
  A dancing weapon (D:13)
  A two-headed ogre (Orc:2)
  An alligator (Swamp:1)
  2 death yaks (Lair:5)
  A pharaoh ant (Spider:1)
  An elephant (Lair:2)
  A smoke demon (Lair:6)
  A black mamba (Lair:5)
  4 cane toads
  A rime drake (Lair:2)
  A komodo dragon (Lair:2)
  3 ice devils (Lair:6)
  A troll (D:11)
  A hornet (Swamp:1)
  A meliai (Spider:1)
  A polar bear (IceCv)
  2 blink frogs (Lair:5)
  2 slime creatures
  3 dream sheep
  A spriggan (D:11)
  A wraith (D:12)
  13 yaks
  4 basilisks
  2 redbacks
  A water moccasin (Lair:5)
  3 hell hounds
  An orc warrior (Orc:1)
  An ice beast (D:8)
  A black bear (Lair:2)
  An ogre (Orc:2)
  3 wolves
  A bullfrog (Lair:1)
  2 killer bees
  An electric eel (Lair:2)
  A howler monkey (D:11)
  2 orc priests
  An iguana (Lair:2)
  2 orc wizards
  A centaur simulacrum (D:8)
  3 orcs
82 creatures vanquished.

Vanquished Creatures (others)
  A swamp worm (Swamp:1)
  An electric eel (Lair:3)
  33 hexers
  32 fungi
  82 plants
149 creatures vanquished.

Grand Total: 1026 creatures vanquished

Notes
Turn   | Place    | Note
-------+----------+-------------------------------------------
     0 | D:1      | jujucrawl the Troll Monk began the quest for the Orb.
     0 | D:1      | Reached XP level 1. HP: 22/22 MP: 0/0
   110 | D:1      | Reached XP level 2. HP: 29/29 MP: 1/1
   758 | D:2      | Found a faded altar of an unknown god.
   767 | D:2      | Reached XP level 3. HP: 31/36 MP: 2/2
  1443 | D:2      | Reached skill level 1 in Throwing
  1656 | D:3      | Reached skill level 4 in Unarmed Combat
  1656 | D:3      | Reached XP level 4. HP: 43/44 MP: 3/3
  2114 | D:3      | Reached XP level 5. HP: 53/53 MP: 4/4
  2260 | D:4      | Noticed a necrophage
  2286 | D:4      | Killed a necrophage
  2353 | D:4      | Noticed a phantom
  2370 | D:4      | Killed a phantom
  2371 | D:4      | Reached skill level 5 in Unarmed Combat
  2371 | D:4      | Reached XP level 6. HP: 54/61 MP: 5/5
  2673 | D:4      | Found Gifecoes's Book Boutique.
  3089 | D:4      | Found Cioffi Nooh's Antique Weapon Emporium.
  3108 | D:5      | Entered Level 5 of the Dungeon
  3138 | D:4      | Reached XP level 7. HP: 50/68 MP: 6/6
  3255 | D:5      | Reached skill level 6 in Unarmed Combat
  3357 | D:5      | Noticed Sigmund
  3428 | D:5      | Killed Sigmund
  3532 | D:5      | Reached XP level 8. HP: 68/78 MP: 7/7
  3913 | D:5      | Reached skill level 7 in Unarmed Combat
  4069 | D:6      | Found a staircase to the Ecumenical Temple.
  4071 | D:6      | Noticed Dowan
  4073 | D:6      | Noticed Duvessa
  4075 | D:6      | Found Zidghi Deuno's Book Shoppe.
  4079 | Temple   | Entered the Ecumenical Temple
  4226 | D:6      | Killed Duvessa
  4232 | D:6      | Killed Dowan
  4744 | D:6      | Reached skill level 5 in Fighting
  4744 | D:6      | Reached skill level 5 in Dodging
  4744 | D:6      | Reached skill level 8 in Unarmed Combat
  4744 | D:6      | Reached XP level 9. HP: 88/88 MP: 8/8
  5328 | D:7      | Reached skill level 5 in Throwing
  5434 | D:7      | Found a snail-covered altar of Cheibriados.
  5779 | D:8      | Found a flagged portal.
  5829 | Bailey   | Entered a bailey
  5901 | Bailey   | Reached skill level 9 in Unarmed Combat
  6042 | Bailey   | Identified the +4 ice dragon scales of Noughts and Crosses
                  | {rF- rC++ Str+4}
  6381 | D:8      | Found a staircase to the Lair.
  6387 | D:8      | Reached XP level 10. HP: 97/98 MP: 9/9
  6390 | D:8      | Reached skill level 1 in Armour
  6507 | D:8      | Found a runed translucent gate.
  6507 | D:8      | Found a runed translucent gate.
  6507 | D:8      | Found a runed translucent gate.
  6546 | D:8      | Found Tita Seuqo's Book Shoppe.
  6564 | D:8      | Found an opulent altar of Gozag.
  6779 | D:8      | Noticed DevastatorOne's ghost (novice MiFi)
  6851 | D:9      | Noticed a two-headed ogre
  6863 | D:9      | Killed a two-headed ogre
  6864 | D:9      | Reached skill level 10 in Unarmed Combat
  6933 | D:9      | Noticed Erica
  6952 | D:9      | Killed Erica
  7066 | D:9      | Found an ornate altar of the Wu Jian Council.
  7205 | D:9      | Found a glowing silver altar of Zin.
  7559 | D:10     | Entered Level 10 of the Dungeon
  7639 | D:10     | Noticed Snorg
  7664 | D:10     | Killed Snorg
  7665 | D:10     | Reached skill level 11 in Unarmed Combat
  7665 | D:10     | Reached XP level 11. HP: 98/107 MP: 10/10
  7824 | D:10     | Found a transporter.
  7929 | D:10     | Noticed a two-headed ogre
  7937 | D:10     | Killed a two-headed ogre
  8129 | D:10     | Found a staircase to the Orcish Mines.
  8285 | D:10     | Found a hazy altar of Hepliaklqana.
  8285 | D:10     | Found a bloodstained altar of Trog.
  8412 | D:10     | Found a transporter.
  8457 | D:10     | Became a worshipper of Hepliaklqana the Forgotten
  8457 | D:10     | Reached * piety under Hepliaklqana
  8457 | D:10     | Reached ** piety under Hepliaklqana
  8458 | D:10     | Remembered your ancestor Wigmund as a hexer
  8785 | D:10     | Noticed Vruhak's ghost (novice TrHu)
  8826 | D:11     | Noticed a two-headed ogre
  8834 | D:11     | Killed a two-headed ogre
  8892 | D:11     | Reached skill level 1 in Shields
  8977 | D:11     | Noticed an eight-headed hydra
  8992 | D:11     | Reached skill level 1 in Invocations
  8995 | D:11     | Killed an eight-headed hydra
  9077 | D:11     | Noticed Josephine
  9291 | D:11     | Killed Josephine
  9371 | D:11     | Found a runed translucent door.
  9375 | D:11     | Identified the +7 trident of the Slashing Pariah {venom,
                  | rN+ Str-2 Dex+3 Stlth+}
  9375 | D:11     | Noticed windycow's ghost (novice MiFi)
  9387 | D:11     | Noticed a boulder beetle
  9394 | D:11     | Noticed a six-headed hydra
  9399 | D:11     | Killed a boulder beetle
  9513 | D:11     | Noticed a two-headed ogre
  9518 | D:11     | Killed a two-headed ogre
  9585 | D:11     | Found a stormy altar of Qazlal.
  9596 | D:11     | Identified the +5 shortbow of False Accusations {freeze,
                  | rElec rPois rF+ rC+}
  9596 | D:11     | Noticed a tengu warrior
  9597 | D:11     | Noticed a boulder beetle
  9651 | D:11     | Noticed a green ugly thing
  9694 | D:10     | Killed a tengu warrior
  9695 | D:10     | Reached XP level 12. HP: 78/106 MP: 12/12
  9706 | D:10     | Killed a boulder beetle
  9742 | D:11     | Killed a seven-headed hydra
  9837 | D:11     | Cast into level 3 of the Abyss (a wizard)
  9837 | Abyss:3  | Found a corrupted altar of Lugonu.
  9896 | D:11     | Escaped the Abyss
  9896 | D:11     | Noticed a boulder beetle
  9919 | D:11     | Noticed a centaur warrior
 10176 | Lair:1   | Entered Level 1 of the Lair of Beasts
 10281 | Lair:1   | Reached *** piety under Hepliaklqana
 10303 | Lair:1   | Noticed a six-headed hydra
 10315 | Lair:1   | Killed a nine-headed hydra
 10411 | Lair:1   | Noticed a five-headed hydra
 10424 | Lair:1   | Killed a seven-headed hydra
 10530 | Lair:1   | Reached skill level 12 in Unarmed Combat
 10791 | Lair:1   | Reached skill level 5 in Armour
 10791 | Lair:1   | Reached skill level 5 in Shields
 11313 | Lair:2   | Noticed a seven-headed hydra
 11320 | Lair:2   | Killed a seven-headed hydra
 11467 | Lair:2   | Noticed an eight-headed hydra
 11512 | Lair:2   | Killed an eight-headed hydra
 11513 | Lair:2   | Reached XP level 13. HP: 107/114 MP: 15/15
 11964 | Lair:3   | Reached **** piety under Hepliaklqana
 12013 | Lair:3   | Found a hole to the Spider Nest.
 12329 | Lair:3   | Noticed Gastronok
 12337 | Lair:3   | Killed Gastronok
 12597 | Lair:3   | Reached skill level 5 in Invocations
 12687 | Lair:3   | Found a staircase to the Swamp.
 13105 | Lair:4   | Found a runed translucent door.
 13106 | Lair:4   | Noticed Kuerar's ghost (journeyman BaFi)
 14002 | Lair:4   | Killed Kuerar's ghost
 14116 | Lair:5   | Reached XP level 14. HP: 56/123 MP: 17/17
 14293 | Lair:5   | Reached ***** piety under Hepliaklqana
 14354 | Lair:5   | Found a runed translucent gate.
 14354 | Lair:5   | Found a runed translucent gate.
 14354 | Lair:5   | Found a runed translucent gate.
 14356 | Lair:5   | Noticed Zimaveycw's ghost (journeyman OpFi)
 14788 | Lair:5   | Reached skill level 13 in Unarmed Combat
 15046 | Lair:6   | Entered Level 6 of the Lair of Beasts
 15598 | Lair:6   | Reached skill level 1 in Evocations
 15866 | Lair:6   | Found a staircase to the Slime Pits.
 16164 | Lair:6   | Found a burning altar of Makhleb.
 16226 | Lair:6   | Found a gateway to Hell.
 16235 | Lair:6   | Identified the +12 hand crossbow of the Pit {elec, rF+
                  | Str-5 Int+3 Dex+5}
 16412 | Lair:6   | Reached XP level 15. HP: 131/131 MP: 18/18
 16510 | Lair:6   | Identified the +3 ring mail "Yvuit" {Str+3 SInv}
 16517 | Lair:6   | Found a viscous altar of Jiyva.
 16858 | D:8      | Killed DevastatorOne's ghost
 16876 | D:8      | Got the ring of Lytil {Fire *Slow Str+2 Stlth+}
 17106 | D:10     | Killed Vruhak's ghost
 17251 | D:11     | Reached skill level 1 in Crossbows
 17430 | D:11     | Found Timi Nue's Armour Boutique.
 17468 | D:11     | Reached skill level 10 in Throwing
 17821 | D:11     | Killed windycow's ghost
 18304 | D:12     | Noticed Azrael
 18311 | D:12     | Killed Azrael
 18491 | D:12     | Noticed Urug
 18501 | D:12     | Killed Urug
 18750 | D:13     | Found a gate leading to a gauntlet.
 18989 | D:13     | Found a gate to the Vaults.
 19680 | D:14     | Reached skill level 10 in Shields
 20124 | D:14     | Noticed Rupert
 20135 | D:14     | Killed Rupert
 20511 | D:15     | Entered Level 15 of the Dungeon
 20519 | D:15     | Reached skill level 10 in Fighting
 20612 | D:15     | Reached skill level 10 in Dodging
 20648 | D:15     | Found Faguguy's Weapon Boutique.
 20663 | D:15     | Reached XP level 16. HP: 142/142 MP: 19/19
 20828 | D:15     | Reached skill level 14 in Unarmed Combat
 20863 | D:15     | Found a staircase to the Depths.
 21498 | Orc:1    | Entered Level 1 of the Orcish Mines
 21702 | Orc:1    | You fall into a shaft and drop 1 floor!
 21702 | Orc:2    | Entered Level 2 of the Orcish Mines
 21702 | Orc:2    | Found Tucomior's Jewellery Shoppe.
 21702 | Orc:2    | Found Suibiz's Antique Armour Emporium.
 21702 | Orc:2    | Found Neytt's Armour Boutique.
 21750 | Orc:2    | Found Ynogury's Magic Scroll Boutique.
 21767 | Orc:2    | Reached ****** piety under Hepliaklqana
 21785 | Orc:2    | Found a frozen archway.
 21791 | IceCv    | Entered an ice cave
 22704 | Orc:2    | Bought a scroll of fear for 63 gold pieces
 22704 | Orc:2    | Bought a scroll of silence for 135 gold pieces
 22704 | Orc:2    | Bought a scroll of summoning for 171 gold pieces
 22778 | Orc:2    | Bought an embroidered scarf for 176 gold pieces
 22778 | Orc:2    | Bought fading ice dragon scales for 1430 gold pieces
 22778 | Orc:2    | Identified the +0 ice dragon scales of Uddox {rF- rC++
                  | Will+} (You bought it in a shop on level 2 of the Orcish
                  | Mines)
 22778 | Orc:2    | Bought an embroidered scarf for 176 gold pieces
 22803 | Orc:2    | Found Jal Guipn's Distillery.
 22818 | Orc:2    | Bought a potion of heal wounds for 70 gold pieces
 22818 | Orc:2    | Bought a potion of curing for 42 gold pieces
 22818 | Orc:2    | Bought a potion of haste for 140 gold pieces
 22818 | Orc:2    | Bought a potion of curing for 42 gold pieces
 22818 | Orc:2    | Bought a potion of curing for 42 gold pieces
 22846 | Orc:2    | Found a staircase to the Elven Halls.
 23905 | Spider:1 | Entered Level 1 of the Spider Nest
 25339 | Spider:1 | Reached XP level 17. HP: 86/137 MP: 15/20
 25485 | Swamp:1  | Entered Level 1 of the Swamp
 26531 | Swamp:1  | Identified the +5 hand axe of Asaapigg {vamp, rF++}
 26728 | Swamp:2  | Noticed Donald
 26740 | Swamp:2  | Demolished by Donald

Illustrated notes

Levels and vault maps discovered:
D:1:      tarquinn_simple_flora_water_e, layout_loops_ring,
          hangedman_decor_riveting
D:2:      layout_loops_ring, shapermc_ecumenical_altar_pompeii,
          serial_park_tiny_pond
D:3:      layout_basic
D:4:      layout_basic, serial_shops, nicolae_shop_crystal, shop
D:5:      layout_cave_pools, kennysheep_diamond, water_maze_lemuel, uniq_sigmund
D:6:      layout_cave_pools, minmay_temple_entry_mini_moons, serial_shops,
          nicolae_shop_competitors_out_of_business, uniq_duvessa
D:7:      layout_rooms, lemuel_crystal_altar
D:8:      layout_rooms, mainiacjoe_overflow_paths, david_lair_generic,
          gammafunk_ghost_icy, serial_shops, shop, enter_bailey_4,
          wad_floor_pattern_untrapped
D:9:      nicolae_whirlpool, layout_irregular_city, zin_academy,
          mainiacjoe_overflow_catwalk, uniq_erica
D:10:     layout_irregular_city, chequers_temple_overflow_statue_of_worship,
          erik_orc_1, gammafunk_ghost_hive, serial_glass, glass_columns_a,
          glass_columns_a, nicolae_wand_duel, uniq_snorg
D:11:     minmay_the_grid_triangle_9x9_rhombus_thin_mashed
          [minmay_the_grid_triangle_9x9_zippers_vertical,
          minmay_the_grid_triangle_9x9_prize_center,
          minmay_the_grid_triangle_9x9_pentomino_pain,
          minmay_the_grid_triangle_9x9_dagger], layout_irregular_city,
          ebering_ghost_funeral_grove, serial_shops,
          nicolae_shop_temple_entry_statues_fountains, minmay_ruined_shrine,
          uniq_josephine
D:12:     layout_roguey, uniq_urug, uniq_azrael
D:13:     layout_roguey, erik_vaults_1, gauntlet_entry_generic
D:14:     layout_basic, interstate_on_off, hangedman_decor_growths, uniq_rupert
D:15:     grunt_enter_depths_snipers, layout_rooms, serial_shops,
          nicolae_shop_bloodbath_and_beyond, palyth_stone_intersect,
          nicolae_wwwww
Temple:   kb_temple_of_zot
Lair:1:   layout_chaotic_city, st_stairs_11, serial_bayou_shore_b
Lair:2:   layout_misc_corridors, serial_bayou_lagoon_b
Lair:3:   beast_lair_carwin_large_4, layout_big_grid,
          nicolae_swamp_entry_splash_gauntlet, spider_nest_entry_web_field,
          serial_bayou, serial_bayou_crossing, serial_bayou_pond_b,
          serial_bayou_shore_a, serial_bayou_shore_b,
          kennysheep_basilisk_garden, uniq_gastronok
Lair:4:   layout_regular_city, hellmonk_ghost_happy_afterlife, roderic_batcave
Lair:5:   layout_gridlike, gammafunk_ghost_hydra_chop
Lair:6:   evil_forest, layout_cave_pods, slime_altar_1
Swamp:1:  layout_basic_swamp, serial_swamp_ruin, evilmike_swamp_ruin_rubble_1,
          evilmike_swamp_ruin_rubble_2, evilmike_swamp_ruin_house_5, swamp_pool5
Swamp:2:  layout_falls_marsh, wheals_swamp_sinkhole, swamp_pool2, st_swamp_mini,
          uniq_donald
Spider:1: nicolae_spider_hilbert_zone_4 [nicolae_spider_hilbert_4_sides_2_open,
          nicolae_spider_hilbert_4_sides_1_open,
          nicolae_spider_hilbert_4_sides_1_open,
          nicolae_spider_hilbert_4_sides_1_open,
          nicolae_spider_hilbert_4_sides_1_open,
          nicolae_spider_hilbert_2_sides_1_open,
          nicolae_spider_hilbert_2_sides_1_open,
          nicolae_spider_hilbert_2_sides_1_open,
          nicolae_spider_hilbert_2_sides_1_open,
          nicolae_spider_hilbert_6_sides_1_open,
          nicolae_spider_hilbert_6_sides_1_open,
          nicolae_spider_hilbert_3_sides_1_open,
          nicolae_spider_hilbert_3_sides_1_open], drop_trap,
          nicolae_spider_webbed_stairs, uniq_louise
Orc:1:    layout_caves, nicolae_orc_pool_cavern
Orc:2:    st_orc_open, layout_diamond_mine, serial_shops, nicolae_diamond_shop,
          portal_ice_cave_rime, basic_altar

Skill      XL: |  1  2  3  4  5  6  7  8  9 10 11 12 13 14 15 16 17 |
---------------+----------------------------------------------------+-----
Throwing       | 1 2 3 4 5 6 7 8 9 10 11 | 11.5
Unarmed Combat | 4 5 6 8 9 11 12 13 14 | 14.8
Fighting       | 3 4 5 6 7 8 9 10 | 10.9
Dodging        | 3 4 5 6 7 8 9 10 | 10.8
Armour         | 3 4 5 6 7 8 9 |  9.2
Shields        | 3 5 7 9 10 11 | 11.2
Invocations    | 2 4 5 6 |  6.2
Evocations     | 1 2 |  2.1
Crossbows      | 2 4 |  4.4
Stealth        | |  1.0

Action                   |  1- 3 |  4- 6 |  7- 9 | 10-12 | 13-15 | 16-18 || total
-------------------------+-------+-------+-------+-------+-------+-------++-------
Melee: Unarmed           |    88 |    76 |   223 |   334 |   719 |   278 ||  1718
       Punch             |     3 |     1 |     9 |     8 |       |       ||    21
 Fire: Hand crossbow     |       |       |       |       |   159 |   254 ||   413
Throw: Stone             |    70 |    64 |    83 |    47 |    10 |       ||   274
       Dart              |       |       |    26 |    34 |     4 |       ||    64
       Boomerang         |       |       |    15 |     1 |    28 |       ||    44
       Javelin           |       |       |     7 |    35 |    43 |    14 ||    99
       Throwing net      |       |       |       |     1 |       |       ||     1
       Large rock        |       |       |       |       |    37 |    38 ||    75
Invok: Recall Ancestor   |       |       |       |     2 |     5 |     3 ||    10
       Ancestor Life: He |       |       |       |     1 |       |       ||     1
       Idealise          |       |       |       |       |     2 |     2 ||     4
       Transference      |       |       |       |       |     1 |       ||     1
Evoke: Wand              |       |     9 |    13 |    42 |    15 |     7 ||    86
       Lightning rod     |       |       |       |       |     1 |       ||     1
  Use: Scroll            |     5 |     5 |     4 |    17 |     9 |    11 ||    51
       Potion            |       |       |       |     7 |     2 |    10 ||    19
 Stab: Sleeping          |     2 |       |     2 |       |       |       ||     4
       Paralysed         |       |       |     1 |       |     8 |     7 ||    16
       Distracted        |       |       |       |     5 |    12 |     2 ||    19
       Confused          |       |       |       |     3 |     9 |     1 ||    13
Armor: Robe              |    26 |    19 |    45 |       |       |       ||    90
       Ice dragon scales |       |       |     3 |   177 |   301 |   157 ||   638
Dodge: Dodged            |    42 |    31 |   136 |   169 |   310 |   236 ||   924
Block: Kite shield       |       |       |       |   150 |   455 |   332 ||   937
